cohdb
Replays
Latest Replays
All Replays
Popular Replays
Top Player Replays
Match Explorer
How It Works
Community
CoH3 Stats
Reddit
Sign in to upload your games and track your stats! →
Sign in with Steam
Match 45635219
Unlisted
Match 45635219
Overview
Messages
Build Orders
End
Construct Infanterie Kompanie
Grenadier Squad
MG 42 Machine Gun Team
Grenadier Squad
Infanterie Officer Quarters
Selects Italian Coastal Battlegroup
Selects Coastal Reserves
Selects Artillery Officer
Artillery Officer
Medical Bunker
Selects Designate Defensive Line
Designate Defensive Line
Construct Luftwaffe Kompanie
Jäger Squad
Jäger Squad
Luftwaffe Officer Quarters
FooyinMT
TripleSSS
Vida
保持心态
ninja6398
M1k3H4lt0n
Exf
Gravey
0
0
Comments
sign in to comment!
No comments posted yet!